 Dungeon Crawl Stone Soup version 0.31.0-11-ge490571c62 (webtiles) character file.

Game seed: 7589276630096706123

3073 dorian the Slicer (level 9, -3/48 HPs)
             Began as a Vine Stalker Brigand on Jan 26, 2024.
             Was a Follower of Uskayaw.
             Slain by a six-headed hydra (4 damage)
             ... on level 8 of the Dungeon.
             The game lasted 00:11:42 (5897 turns).

dorian the Slicer (Vine Stalker Brigand)            Turns: 5897, Time: 00:11:42

Health: -3/48      AC:  8    Str: 19    XL:     9   Next: 88%
Magic:  0/13       EV: 17    Int: 11    God:    Uskayaw [*.....]
Gold:   295        SH:  0    Dex: 27    Spells: 8/8 levels left

rFire   . . .        G - +1 short sword (venom)
rCold   . . .        (no shield)
rNeg    . . .        E - +0 steam dragon scales
rPois   .            z - +0 helmet
rElec   .            c - +0 cloak
rCorr   .            o - +0 pair of gloves
SInv    .            (no boots)
Will    +....        p - amulet of magic regeneration
Stlth   ++++         h - +6 ring of strength
HPRegen 1.08/turn    u - +6 ring of dexterity
MPRegen 0.53/turn

%: guardian spirit
@: no status effects
A: fangs 3, regeneration 1, magic shield, antimagic bite, no potion heal 2
a: Renounce Religion, Stomp


You were on level 8 of the Dungeon.
You worshipped Uskayaw.
Uskayaw was noncommittal.
You visited 2 branches of the dungeon, and saw 9 of its levels.

You collected 295 gold pieces.

Inventory:

Hand Weapons
 a - a +2 dagger
 B - a +0 rapier
 G - a +1 short sword of venom (weapon)
Missiles
 e - 9 curare-tipped darts
 k - 22 poisoned darts (quivered)
 D - 3 darts of dispersal
Armour
 b - a +0 robe
 c - a +0 cloak (worn)
 o - a +0 pair of gloves (worn)
 z - a +0 helmet (worn)
 E - +0 steam dragon scales (worn)
 F - a +2 ring mail of poison resistance
Jewellery
 h - a +6 ring of strength (left hand)
 p - an amulet of magic regeneration (around neck)
 u - a +6 ring of dexterity (right hand)
 y - a +6 ring of intelligence
Scrolls
 f - 3 scrolls of fog
 r - 2 scrolls of identify
 s - 2 scrolls of silence
 t - 2 scrolls of teleportation
 x - a scroll of noise
 A - a scroll of amnesia
 C - a scroll of vulnerability {unknown}
Potions
 d - a potion of might
 g - 2 potions of ambrosia
 i - 5 potions of brilliance
 j - a potion of degeneration
 m - a potion of berserk rage
 n - a potion of resistance
 q - a potion of curing
 v - a potion of cancellation
 w - 3 potions of heal wounds


   Skills:
 + Level 6.0 Fighting
 * Level 8.4 Short Blades
 - Level 1.7 Throwing
 + Level 5.2 Dodging
 - Level 4.8 Stealth
 + Level 4.3 Invocations


You had 8 spell levels left.
You didn't know any spells.
Your spell library contained the following spells:

 Spells                   Type           Power      Damage    Failure   Level
 Hailstorm                Conj/Ice       0%         3d5       71%         3
 Summon Ice Beast         Ice/Summ       0%         N/A       71%         3
 Sculpt Simulacrum        Ice/Alch       0%         N/A       100%        6


Dungeon Overview and Level Annotations

Branches:
Dungeon (8/15) Zot: 26544  Temple (1/1) D:4 Zot: 5961
   Lair: D:8-11

Altars:
Ashenzari
Cheibriados
Dithmenos
Elyvilon
Fedhas
Gozag
Hepliaklqana
Kikubaaqudgha
Makhleb
Nemelex Xobeh
Okawaru
Qazlal
Ru
Sif Muna
Trog
Uskayaw
Vehumet
Wu Jian
Xom
Yredelemnul
Zin
The Shining One

Annotations:
D:6 3 runed translucent doors, Skimidon's ghost, novice AtHW


Innate Abilities, Weirdness & Mutations

You have razor-sharp teeth.
Your natural rate of healing is unusually fast.
When hurt, damage is shared between your health and your magic reserves.
Your bite disrupts and absorbs the magic of your enemies.
Potions cannot restore your health.


Message History

The six-headed hydra seems to be corroded for longer.
The six-headed hydra is heavily wounded.
The now-empty wand crumbles to dust.
You can now pass through a line of other dancers.
You aren't carrying any items that you can evoke.
You see here a +0 dagger.
You hit the six-headed hydra.
The six-headed hydra is heavily wounded.
The six-headed hydra bites you! x2; The six-headed hydra barely misses you. x2
The six-headed hydra misses you. x2
You hit the six-headed hydra. Your bite misses the six-headed hydra.
The six-headed hydra is heavily wounded.
The six-headed hydra barely misses you. The six-headed hydra bites you!
The six-headed hydra closely misses you.
The six-headed hydra bites you.
The six-headed hydra completely misses you.
The six-headed hydra bites you.
You barely miss the six-headed hydra. You bite the six-headed hydra.
You drain its power.
You feel invigorated.
The six-headed hydra is heavily wounded.
You hit the six-headed hydra.
The six-headed hydra is heavily wounded.
The six-headed hydra bites you!
The six-headed hydra completely misses you.
The six-headed hydra closely misses you.
The six-headed hydra barely misses you. The six-headed hydra bites you.
The six-headed hydra closely misses you.
Aiming: Line Pass
Press: ? - help, Dir - move target, p - six-headed hydra The six-headed hydra appears confused.
You can no longer pass through a line of other dancers.
The six-headed hydra seems less confused.
The six-headed hydra bites you!
* * * LOW HITPOINT WARNING * * *
The six-headed hydra bites you.
* * * LOW HITPOINT WARNING * * *
The six-headed hydra misses you. The six-headed hydra bites you!
* * * LOW HITPOINT WARNING * * *
The six-headed hydra bites you.
You die...

##..##.......#..# #.<.
..#....##.....##..# ...
..#.....###.####..# ...
... #........##..# .
#..#.........#..#
#..##..###...#.##
##...#.##....##.###
#....?D)....###...
#....##@#...##...# ...#
#..##..#....# ####
#.........#..#....# ....
##........#.......###....
###.###.....#...........
#.....##....#....#......
.......##..###...# .....
#.......#########.#......
.........................


You could see a six-headed hydra (corroded).

Vanquished Creatures
  Joseph (D:7)
  A slime creature (D:8)
  A shadow (D:7)
  3 yaks (D:8)
  A steam dragon (D:7)
  A water moccasin (D:6)
  An orc warrior (D:8)
  2 sky beasts (D:7)
  A black bear (D:6)
  2 centaurs
  A kobold brigand (D:8)
  A bullfrog (D:6)
  4 scorpions
  A howler monkey (D:5)
  2 bombardier beetles
  2 jellies
  A gnoll bouda (D:4)
  3 orc priests
  5 hounds
  A sleepcap (D:5)
  An iguana (D:5)
  3 orc wizards
  9 gnolls
  9 adders
  A shadow imp (D:6)
  A white imp (D:7)
  2 ufetubi (D:6)
  3 ribbon worms
  3 dart slugs
  21 orcs
  11 endoplasms
  4 giant cockroaches
  7 hobgoblins
  3 quokkas
  7 ball pythons
  4 bats
  2 frilled lizards
  7 goblins
  10 kobolds
  3 rats
  A spectral goblin (D:6)
147 creatures vanquished.

Notes
Turn   | Place    | Note
-------+----------+-------------------------------------------
     0 | D:1      | dorian the Vine Stalker Brigand began the quest for the
                  | Orb.
     0 | D:1      | Reached XP level 1. HP: 11/11 MP: 2/2
    43 | D:1      | Reached skill level 2 in Short Blades
    83 | D:1      | Reached skill level 1 in Dodging
    87 | D:1      | Reached XP level 2. HP: 15/15 MP: 3/3
   352 | D:1      | Reached XP level 3. HP: 18/18 MP: 4/4
   681 | D:2      | Identified the +3 plate armour "Erekh" {-Tele rF++ rN+
                  | SInv}
  1330 | D:2      | Reached skill level 3 in Short Blades
  1330 | D:2      | Reached XP level 4. HP: 23/23 MP: 5/5
  1784 | D:3      | Reached XP level 5. HP: 9/27 MP: 3/6
  1787 | D:3      | HP: 1/27 [poisoned by an adder]
  2478 | D:4      | Reached skill level 4 in Short Blades
  2516 | D:4      | Reached XP level 6. HP: 4/32 MP: 5/7
  2799 | D:4      | Found a staircase to the Ecumenical Temple.
  2811 | Temple   | Entered the Ecumenical Temple
  2832 | Temple   | Became a worshipper of Uskayaw the Reveller
  2852 | D:4      | Reached * piety under Uskayaw
  2880 | D:4      | Reached XP level 7. HP: 29/36 MP: 8/8
  2881 | D:4      | Reached ** piety under Uskayaw
  2888 | D:4      | Reached *** piety under Uskayaw
  2923 | D:4      | Reached skill level 5 in Short Blades
  3030 | D:4      | Found a broken altar of Ashenzari.
  3263 | D:5      | Entered Level 5 of the Dungeon
  3909 | D:6      | Gained mutation: You have razor-sharp teeth. [Vine Stalker
                  | growth]
  3909 | D:6      | Reached XP level 8. HP: 42/42 MP: 9/9
  3922 | D:6      | Found a stormy altar of Qazlal.
  3999 | D:6      | Found a runed translucent gate.
  4000 | D:6      | Found a runed translucent gate.
  4001 | D:6      | Found a runed translucent gate.
  4003 | D:6      | Noticed Skimidon's ghost (novice AtHW)
  4027 | D:6      | Reached skill level 6 in Short Blades
  4261 | D:6      | Reached skill level 1 in Invocations
  4481 | D:6      | Found a hazy altar of Hepliaklqana.
  4644 | D:7      | Noticed Joseph
  4700 | D:7      | Noticed a shadow
  4865 | D:7      | Reached skill level 5 in Fighting
  5123 | D:7      | Reached skill level 7 in Short Blades
  5123 | D:7      | Reached XP level 9. HP: 47/47 MP: 10/12
  5223 | D:7      | Reached **** piety under Uskayaw
  5227 | D:7      | Killed Joseph
  5676 | D:8      | Reached skill level 8 in Short Blades
  5684 | D:8      | Reached skill level 5 in Dodging
  5771 | D:8      | Noticed a centaur warrior
  5773 | D:8      | Noticed a six-headed hydra
  5897 | D:8      | HP: 1/48 [six-headed hydra (9)]
  5897 | D:8      | Slain by a six-headed hydra

Illustrated notes

Levels and vault maps discovered:
D:1:      dpeg_arrival_rooms_b, layout_rooms
D:2:      layout_basic, minmay_tromino_v4_b
D:3:      layout_basic, kennysheep_nub, nicolae_houndstooth_variations
D:4:      layout_rooms, ashenzari_altar_1, minmay_temple_entry_ruins,
          eino_small_chamber_without_monster
D:5:      layout_basic
D:6:      layout_loops_cross, nicolae_hepliaklqana_monster_ancestors,
          mainiacjoe_overflow_paths, gammafunk_ghost_necromancy
D:7:      layout_loops_cross, uniq_joseph
D:8:      minmay_curly_fans, layout_cave_pods, serial_column_ruins,
          column_ruins_grid_2, column_ruins_corridor_corner,
          column_ruins_open_small, column_ruins_open_medium,
          column_ruins_open_tiny, kennysheep_flooded_box
Temple:   nicolae_temple_bog_church

Skill      XL: |  1  2  3  4  5  6  7  8  9 |
---------------+----------------------------+-----
Short Blades   | 2 3 4 5 7 8 |  8.4
Dodging        | 1 2 3 4 5 |  5.2
Fighting       | 2 3 4 5 6 |  6.0
Invocations    | 2 4 |  4.3
Throwing       | |  1.7
Stealth        | |  4.8

Action                     |  1- 3 |  4- 6 |  7- 9 || total
---------------------------+-------+-------+-------++-------
  Melee: Dagger            |    88 |   166 |   274 ||   528
         Bite              |    25 |    43 |   130 ||   198
         Punch             |     1 |     3 |     4 ||     8
         Short sword       |       |       |    54 ||    54
 Invoke: Line Pass         |       |       |     1 ||     1
  Evoke: Wand              |       |       |     5 ||     5
    Use: Scroll            |     4 |     1 |    11 ||    16
         Potion            |       |     1 |       ||     1
   Stab: Sleeping          |     7 |     6 |    10 ||    23
         Paralysed         |       |       |     8 ||     8
 Armour: Robe              |    37 |   105 |    79 ||   221
         Steam dragon scal |       |       |    50 ||    50
  Dodge: Dodged            |    39 |    94 |   195 ||   328
